 Dungeon Crawl Stone Soup version 0.29-a0-791-ga0f254aafb (webtiles) character file.

Game seed: 9746909237223686587

9 Garessta the Scratcher (level 2, 0/12 HPs)
             Began as a Felid Transmuter on July 3, 2022.
             Slain by a jackal (3 damage)
             ... on level 1 of the Dungeon.
             The game lasted 00:01:37 (541 turns).

Garessta the Scratcher (Felid Transmuter)            Turns: 541, Time: 00:01:38

Health: 0/12       AC:  1    Str:  6    XL:     2   Next: 6%
Magic:  5/6        EV: 17    Int: 14    God:
Gold:   0          SH:  0    Dex: 16    Spells: 4/5 levels left
                                        Lives:  0   Deaths: 0

rFire   . . .      SeeInvis +     - Unarmed
rCold   . . .      Faith    .   (shield unavailable)
rNeg    . . .      Spirit   .   (body armour unavailable)
rPois   .          Reflect  .   (helmet unavailable)
rElec   .          Harm     .   (cloak unavailable)
rCorr   .          Rampage  .   (gloves unavailable)
Will    .....                   (boots unavailable)
Stlth   +.........              (no amulet)
HPRegen 0.04/turn               (no ring)
MPRegen 0.10/turn               (no ring)

@: quick
A: very small, claws 1, fangs 3, see invisible, speed 1, shaggy fur 1, stealthy
paws, no weapons or thrown items, no armour, multi-lived
a: no special abilities


You were on level 1 of the Dungeon.
You visited 1 branch of the dungeon, and saw 1 of its levels.

Inventory:

Scrolls
 c - a scroll of identify {unknown}
Potions
 a - 2 potions of lignification
 b - 2 potions of brilliance {unknown}
 d - a potion of haste {unknown}


   Skills:
 - Level 1.0 Fighting
 - Level 2.6 Dodging
 - Level 3.0 Unarmed Combat
 - Level 2.0 Spellcasting
 * Level 2.7 Transmutations
 + Level 0.5 Ice Magic
 + Level 0.5 Poison Magic


You had 4 spell levels left.
You knew the following spells:

 Your Spells              Type           Power      Damage    Failure   Level
a - Beastly Appendage     Tmut           16%        N/A       8%          1

Your spell library contained the following spells:

 Spells                   Type           Power      Damage    Failure   Level
 Wereblood                Tmut           8%         N/A       12%         2
 Spider Form              Tmut/Pois      5%         N/A       36%         3
 Ice Form                 Ice/Tmut       5%         N/A       77%         4


Dungeon Overview and Level Annotations

Branches:
Dungeon (1/15)

Altars:

Shops:
D:1 ?


Innate Abilities, Weirdness & Mutations

You have sharp claws.
You have razor-sharp teeth.
You have supernaturally acute eyesight. (SInv)
You cover ground quickly. (Speed+)
You are covered in fur. (AC +1)
Your paws help you pounce on unaware monsters.
You are incapable of wielding weapons or throwing items.
You cannot wear armour.
You gain extra lives every three experience levels.


Message History

A jackal comes into view.
The jackal barks!
You hear an angry hiss.
The jackal completely misses you.
You closely miss the jackal.
You headbutt the jackal, but do no damage.
Your bite misses the jackal. You scratch the jackal.
The jackal is almost dead.
The jackal misses you. The jackal barely misses you.
You barely miss the jackal.
The jackal is almost dead.
A ball python comes into view.
The jackal barely misses you.
You completely miss the jackal.
The jackal is almost dead.
Your horns disappear.
The jackal barely misses you.
The ball python hisses angrily.
You scratch the jackal but do no damage.
Your claw misses the jackal.
The jackal is almost dead.
The jackal bites you. The jackal closely misses you.
You closely miss the jackal.
The jackal is almost dead.
The jackal misses you. The jackal attacks as you move away!
The jackal misses you. The ball python bites you. The ball python grabs you.
The ball python constricts you.
You escape the ball python's grasp.
The jackal bites you. The jackal attacks as you move away!
The jackal bites you.
There is a stone staircase leading down here.
The jackal misses you. The jackal attacks as you move away!
The jackal completely misses you. The jackal attacks as you move away!
The jackal closely misses you. The jackal attacks as you move away!
The jackal bites you.
* * * LOW HITPOINT WARNING * * *
The jackal attacks as you move away! The jackal closely misses you.
The jackal attacks as you move away! The jackal bites you.
You die...

.. #+# #.# #.# ####.####
###.### ........ #..<..# ###.
......# ######.###### ...#
#..#.# +.............
###.####..#.#########.#####.###
........>..hh@..####.#####.###
#.#.##...>Sh###..'.........'.
#..(.......)....######.######
#.....#.#.#.###.#...........#
#.....K.♣.#.###.######.######
.####.....♣.∩.♣......# #.#....#
....†.....>.♣...###### #.####.#
.#..#######.##### #'####.#
.!..# #.# #...##.#


You could see 3 jackals, a ball python and a kobold.

Vanquished Creatures
  A bat (D:1)
  An endoplasm (D:1)
  A goblin (D:1)
  3 jackals (D:1)
  A frilled lizard (D:1)
  A rat (D:1)
8 creatures vanquished.

Notes
Turn   | Place    | Note
-------+----------+-------------------------------------------
     0 | D:1      | Garessta the Felid Transmuter began the quest for the Orb.
     0 | D:1      | Reached XP level 1. HP: 9/9 MP: 4/4
   212 | D:1      | Found Rozism's Magic Scroll Emporium.
   515 | D:1      | Reached XP level 2. HP: 12/12 MP: 3/6
   541 | D:1      | Slain by a jackal

Illustrated notes

Levels and vault maps discovered:
D:1:      shiori_shiawase, layout_loops_ring, serial_shops,
          nicolae_shop_bloodbath_and_beyond, nicolae_shop_trees,
          nicolae_lakefront_shop

Action                   || total
-------------------------++-------
Melee: Unarmed           ||    30
       Headbutt          ||     3
       Bite              ||     2
 Cast: Beastly Appendage ||     4
Armor: Skin              ||     2
Dodge: Dodged            ||    39

Table legend: (Time is in decaauts)
 A = Elapsed time spent in this place.
 B = Non-inter-level travel time spent in this place.
 C = Inter-level travel time spent in this place.
 D = Time resting spent in this place.
 E = Time spent auto-exploring this place.
 F = Levels seen in this place.
 G = Mean time per level.
                   A        B        C        D        E       F      G
               +--------+--------+--------+--------+--------+-----+--------+
         Total |    510 |    510 |      0 |    238 |    190 |   1 |  510.0 |
       Dungeon |    510 |    510 |      0 |    238 |    190 |   1 |  510.0 |
               +--------+--------+--------+--------+--------+-----+--------+

Top non-repeatable levels by time:
     D:1: 510 daAuts
